 Dungeon Crawl Stone Soup version 0.30-a0-777-ga9a30cbeda (webtiles) character file.

Game seed: 4352050129177783774

7 Smoke131 the Trooper (level 2, 21/29 HPs)
             Began as an Ogre Gladiator on Feb 14, 2023.
             Quit the game on level 1 of the Dungeon.
             The game lasted 00:00:46 (99 turns).

Smoke131 the Trooper (Ogre Gladiator)                 Turns: 99, Time: 00:00:47

Health: 21/29      AC:  4    Str: 17    XL:     2   Next: 0%
Magic:  2/2        EV: 10    Int:  9    God:
Gold:   0          SH:  0    Dex: 10    Spells: 1/1 levels left

rFire   . . .      SeeInvis .    a - +0 flail
rCold   . . .      Faith    .    (no shield)
rNeg    . . .      Spirit   .    b - +0 robe
rPois   .          Reflect  .    c - +0 hat
rElec   .          Harm     .    g - +0 cloak
rCorr   .          Rampage  .    (gloves unavailable)
Will    .....                    (boots unavailable)
Stlth   +                        (no amulet)
HPRegen 0.24/turn                (no ring)
MPRegen 0.08/turn                (no ring)

@: no status effects
A: large, unfitting armour, tough skin 1
a: no special abilities


You were on level 1 of the Dungeon.
You visited 1 branch of the dungeon, and saw 1 of its levels.

Inventory:

Hand Weapons
 a - a +0 flail (weapon)
Missiles
 d - 3 throwing nets (quivered)
 e - a large rock
 h - 3 boomerangs
Armour
 b - a +0 robe (worn)
 c - a +0 hat (worn)
 g - a +0 cloak (worn)
Jewellery
 i - an amulet of magic regeneration
Potions
 f - a potion of curing {unknown}


   Skills:
 + Level 2.9 Fighting
 + Level 2.8 Maces & Flails
 + Level 2.1 Throwing
 + Level 2.8 Dodging


You had one spell level left.
You didn't know any spells.
Your spell library was empty.

Dungeon Overview and Level Annotations

Branches:
Dungeon (1/15)

Altars:


Innate Abilities, Weirdness & Mutations

You are too large for most types of armour.
You have tough skin. (AC +1)


Message History

The ball python bites you but does no damage.
You hit the ball python.
The ball python is severely wounded.
The ball python closely misses you.
The ball python bites you but does no damage.
You sock the ball python!
You kill the ball python!
You see here a ball python corpse.
You see here an amulet of magic regeneration.
You hit the ball python.
You kill the ball python!
You see here a ball python corpse.
You see here a ball python corpse.
i - an amulet of magic regeneration A kobold comes into view.
It is wielding a +0 short sword of holy wrath.
The kobold shouts!
A rat comes into view.
A kobold comes into view. It is wielding a +0 dagger.
The kobold shouts!
You hear a shout!
The kobold hits you with a +0 short sword of holy wrath.
You miss the kobold.
The kobold hits you with a +0 short sword of holy wrath.
The kobold hits you but does no damage.
You hit the kobold but do no damage. The kobold barely misses you.
The kobold hits you but does no damage.
You closely miss the kobold. The kobold closely misses you.
The kobold hits you with a +0 dagger.
You barely miss the kobold. The kobold barely misses you.
The kobold closely misses you. x2; The kobold hits you but does no damage.
You hit the kobold.
You kill the kobold!
The kobold barely misses you. The rat bites you.
You hit the kobold but do no damage. The kobold hits you with a +0 dagger.
The rat closely misses you.
You thump the kobold!
You kill the kobold!
The rat bites you but does no damage.
You have reached level 2!
Okay, then.
Are you sure you want to abandon this character and quit the game? (Confirm with "yes".)

#..... #..... # #.....
#. #..... #.# ####.....
... #....#### #.# #.####
#..##.)#########.#######
#..!.@...............#
#...)r....##.........#
#.........##..........
.....##............##...
..... #............##...
.... ...................
... ....................
..# r........<........##
......>.........##


You could see a rat.

Vanquished Creatures
  3 ball pythons (D:1)
  An endoplasm (D:1)
  2 kobolds (D:1)
6 creatures vanquished.

Notes
Turn   | Place    | Note
-------+----------+-------------------------------------------
     0 | D:1      | Smoke131 the Ogre Gladiator began the quest for the Orb.
     0 | D:1      | Reached XP level 1. HP: 22/22 MP: 1/1
    99 | D:1      | Reached XP level 2. HP: 21/29 MP: 2/2
    99 | D:1      | Quit the game

Illustrated notes

Levels and vault maps discovered:
D:1:      dpeg_arrival_stonehenge_8_columns, layout_basic

Action                     || total
---------------------------++-------
  Melee: Flail             ||    15
 Armour: Robe              ||    10
  Dodge: Dodged            ||    10

Table legend: (Time is in decaauts)
 A = Elapsed time spent in this place.
 B = Non-inter-level travel time spent in this place.
 C = Inter-level travel time spent in this place.
 D = Time resting spent in this place.
 E = Time spent auto-exploring this place.
 F = Levels seen in this place.
 G = Mean time per level.
                   A        B        C        D        E       F      G
               +--------+--------+--------+--------+--------+-----+--------+
         Total |    102 |    102 |      0 |      0 |     32 |   1 |  102.0 |
       Dungeon |    102 |    102 |      0 |      0 |     32 |   1 |  102.0 |
               +--------+--------+--------+--------+--------+-----+--------+

Top non-repeatable levels by time:
     D:1: 102 daAuts
